 Dungeon Crawl Stone Soup version 0.29.1-13-g9f3cf754e1 (webtiles) character file.

Game seed: 9626586641502019433

4286 fleeber the Carver (level 10, -24/61 HPs)
             Began as a Merfolk Gladiator on Jan 29, 2023.
             Was a Follower of Ashenzari.
             Killed from afar by a lich (30 damage)
             ... with a bolt of cold
             ... on level 2 of the Abyss on Feb 6, 2023.
             The game lasted 00:51:49 (12160 turns).

fleeber the Carver (Merfolk Gladiator)             Turns: 12160, Time: 00:51:50

Health: -24/61     AC: 11    Str: 15    XL:     10   Next: 32%
Magic:  7/7        EV: 18    Int:  4    God:    Ashenzari [*.....]
Gold:   393        SH:  0    Dex: 19    Spells: 9/9 levels left

rFire   . . .      SeeInvis .   B - +3 long sword (holy)
rCold   . . .      Faith    .   (no shield)
rNeg    + . .      Spirit   .   E - +0 steam dragon scales
rPois   .          Reflect  .   c - +2 helmet of the Enigmatic Dismay {Range, Cun} (curse)
rElec   .          Harm     .   (no cloak)
rCorr   .          Rampage  .   v - +2 pair of gloves of the Astrological Shame {Elem, Cun} (curse)
Will    +....                   (no boots)
Stlth   ++........              C - amulet of regeneration
HPRegen 1.00/turn               m - ring of positive energy
MPRegen 0.10/turn               p - ring of willpower

@: no status effects
A: (nimble swimmer 2), mertail, [dopey 2], [frail 2], [low MP 3], [subdued magic
2]
a: Renounce Religion, Shatter the Chains


You were on level 2 of the Abyss.
You worshipped Ashenzari.
Ashenzari was aware of your devotion.
You visited 2 branches of the dungeon, and saw 9 of its levels.
You visited the Abyss 1 time.

You collected 435 gold pieces.
You spent 42 gold pieces at shops.

Inventory:

Hand Weapons
 B - a +3 long sword of holy wrath (weapon)
Missiles
 d - 3 throwing nets (quivered)
 e - a javelin
 t - 55 stones
Armour
 b - a +0 leather armour
 c - the cursed +2 helmet of the Enigmatic Dismay (worn) {Range, Cun}

   It has a curse which improves the following skills: Ranged Combat: Ranged
   Weapons and Throwing.
   Cunning:   Dodging and Stealth.
 v - the cursed +2 pair of gloves of the Astrological Shame (worn) {Elem, Cun}
   (You found it on level 3 of the Dungeon)

   It has a curse which improves the following skills: Elements: Fire Magic, Ice
   Magic, Air Magic and Earth Magic.
   Cunning:   Dodging and Stealth.
 E - +0 steam dragon scales (worn)
Jewellery
 m - a ring of positive energy (left hand)
 p - a ring of willpower (right hand)
 C - an amulet of regeneration (around neck)
Wands
 w - a wand of iceblast (8)
 A - a wand of mindburst (14)
Scrolls
 f - 4 scrolls of vulnerability
 i - 3 scrolls of amnesia
 j - a scroll of brand weapon
 k - a scroll of torment
 l - a scroll of fear
 u - 2 scrolls of teleportation
 y - 4 scrolls of noise
Potions
 a - 2 potions of flight
 g - a potion of heal wounds
 h - 3 potions of lignification
 n - 2 potions of degeneration
 o - a potion of mutation
 q - 3 potions of curing
 x - a potion of might
 z - a potion of brilliance
 D - 2 potions of resistance
 F - a potion of invisibility


   Skills:
 + Level 6.5 Fighting
 - Level 14.1 Long Blades
 - Level 2.0(2.6) Throwing
 + Level 8.4(9.8) Dodging
 - Level 4.0 Evocations


You had 9 spell levels left.
You didn't know any spells.
Your spell library contained the following spells:

 Spells                   Type           Power      Damage    Failure   Level
 Magic Dart               Conj           0%         1d3       41%         1
 Searing Ray              Conj           0%         2d4       56%         2
 Static Discharge         Conj/Air       0%         3-3/arc   56%         2
 Dazzling Flash           Conj/Hex       0%         N/A       80%         3
 Dispel Undead            Necr           0%         3d6       99%         4
 Fulminant Prism          Conj/Hex       0%         3d6       99%         4
 Iskenderun's Mystic Bla  Conj/Tloc      0%         2d3       99%         4
 Sticky Flame             Conj/Fire      0%         2d3       99%         4
 Summon Ice Beast         Ice/Summ       0%         N/A       99%         4
 Summon Mana Viper        Hex/Summ       0%         N/A       100%        5
 Starburst                Conj/Fire      0%         6d3       100%        6
 Monstrous Menagerie      Summ           0%         N/A       100%        7


Dungeon Overview and Level Annotations

Branches:
Dungeon (8/15)             Temple (1/1) D:5
   Lair: D:8-11

Altars:
Ashenzari
Cheibriados
Dithmenos
Elyvilon
Fedhas
Hepliaklqana
Kikubaaqudgha
Nemelex Xobeh
Qazlal
Ru
Sif Muna
Trog
Uskayaw
Vehumet
Yredelemnul
Zin
The Shining One

Shops:
D:3 *

Annotations:
D:5 exclusion: downstairs
D:8 Psyche


Innate Abilities, Weirdness & Mutations

((You are very nimble when in or above water. (Stealth+, EV+, Speed+++)))
Your lower body shifts to a powerful aquatic tail in water.
[You are very dopey. (Int -4)]
[You are very frail. (-20% HP)]
[Your magical capacity is extremely low. (-30% MP)]
[Your spells are easier to cast, but less powerful.]


Message History

A lich comes into view.
The lich shouts!
You hit the wretched star.
The wretched star is lightly damaged.
The wretched star glows turbulently.
The lance of force hits you!
You are knocked back by the lance of force.
You slam into the stone wall!
The lich mumbles some strange words.
The lich seems to speed up.
You completely miss the wretched star.
The wretched star is lightly damaged.
The wretched star glows turbulently.
The lance of force hits you!
* * * LOW HITPOINT WARNING * * *
You are knocked back by the lance of force.
You slam into the stone wall!
* * * LOW HITPOINT WARNING * * *
The lich gestures wildly while chanting.
The lich flickers and vanishes!
Deactivating autopickup; reactivate with Ctrl-A.
The wretched star pulses with an eldritch light!
You feel stupid. x2; Your connection to magic feels subdued.
Your connection to magic feels more subdued.
You slash the wretched star!
The wretched star is moderately damaged.
You slash the wretched star!
The wretched star is heavily damaged.
You hit the wretched star but do no damage.
The wretched star is heavily damaged.
You hit something.
The wretched star pulses with an eldritch light!
You feel less energetic.
You hit something.
Something touches you but does no damage.
You slash something!
You hear some strange, mumbled words.
A bolt of cold appears from out of thin air!
The bolt of cold hits you!!
You die...

.. # . ..# #
..# #. ##.#
...##...##
......#.# #
##.>#...## #
.......@#..#
#......{*# .
..........#.
..
#.#...#...#
##.#
...##..##.#
. # ... ...
.#. . #.
..#. . ...
.#... ..#


You could see a wretched star.

Vanquished Creatures
  Pikel (D:6)
  A smoke demon (Abyss:2)
  Maggie (D:7)
  Prince Ribbit (D:6)
  Grinder (D:6)
  Menkaure (D:7)
  Grum (D:8)
  A steam dragon (D:7)
  2 water moccasins
  Duvessa (D:6)
  An orc warrior (D:8)
  A black bear (D:5)
  2 ogres
  2 wolves (D:8)
  2 centaurs (D:7)
  4 lemures
  A phantom (D:5)
  A kobold brigand (D:6)
  A bullfrog (D:8)
  2 necrophages
  4 elf skeletons (D:4)
  A gnoll sergeant (D:7)
  3 scorpions
  Dowan (D:6)
  2 orc priests
  A gnoll bouda (Temple)
  5 iguanas
  3 orc wizards
  8 gnolls
  9 adders
  2 ufetubi (D:6)
  5 worms
  3 dart slugs
  16 orcs
  9 bats
  6 endoplasms
  5 goblins
  4 jackals (D:3)
  A quokka (D:2)
  2 ball pythons
  3 frilled lizards
  9 kobolds
  2 orc skeletons (D:4)
  3 rats
135 creatures vanquished.

Notes
Turn   | Place    | Note
-------+----------+-------------------------------------------
     0 | D:1      | fleeber the Merfolk Gladiator began the quest for the Orb.
     0 | D:1      | Reached XP level 1. HP: 16/16 MP: 1/1
   191 | D:1      | Reached skill level 4 in Long Blades
   231 | D:1      | Reached XP level 2. HP: 18/22 MP: 2/2
   340 | D:1      | Found a faded altar of an unknown god.
   948 | D:2      | Reached skill level 5 in Long Blades
   948 | D:2      | Reached XP level 3. HP: 27/27 MP: 3/3
  1801 | D:3      | Found Givalora's Assorted Antiques.
  2012 | D:3      | Bought a clear potion for 21 gold pieces
  2012 | D:3      | Bought a blue potion for 21 gold pieces
  2109 | D:3      | Reached XP level 4. HP: 32/33 MP: 4/4
  2268 | D:3      | Reached skill level 6 in Long Blades
  3074 | D:4      | Reached XP level 5. HP: 31/38 MP: 5/5
  3324 | D:4      | Reached skill level 7 in Long Blades
  3614 | D:4      | Noticed an ogre
  3731 | D:4      | Found a basalt altar of Yredelemnul.
  3742 | D:4      | Identified the +2 plate armour of the Kettle-Drum {Str+4
                  | Dex+3}
  3921 | D:4      | Reached skill level 8 in Long Blades
  3921 | D:4      | Reached XP level 6. HP: 23/44 MP: 6/6
  4205 | D:4      | Reached skill level 9 in Long Blades
  4205 | D:4      | Reached XP level 7. HP: 45/50 MP: 7/7
  4510 | D:5      | Entered Level 5 of the Dungeon
  5055 | D:4      | Reached skill level 10 in Long Blades
  5298 | D:5      | Found a staircase to the Ecumenical Temple.
  5321 | Temple   | Entered the Ecumenical Temple
  5972 | D:5      | Reached skill level 11 in Long Blades
  6086 | D:5      | Found a shimmering blue altar of Sif Muna.
  6227 | D:5      | Reached XP level 8. HP: 54/56 MP: 8/8
  6437 | D:6      | Noticed Grinder
  6437 | D:6      | Noticed Prince Ribbit
  7139 | D:6      | Noticed Pikel
  7210 | D:6      | Killed Grinder
  7211 | D:6      | Reached skill level 12 in Long Blades
  7265 | D:6      | Noticed Duvessa
  7277 | D:6      | Noticed Dowan
  8018 | D:6      | Killed Pikel
  8019 | D:6      | Reached skill level 13 in Long Blades
  8019 | D:6      | Reached XP level 9. HP: 48/61 MP: 9/9
  8109 | D:6      | Killed Prince Ribbit
  8110 | D:6      | Reached skill level 14 in Long Blades
  8745 | D:6      | Killed Dowan
  8752 | D:6      | Killed Duvessa
  8753 | D:6      | Reached skill level 1 in Evocations
  9566 | D:7      | Found a sacrificial altar of Ru.
  9698 | D:7      | Reached skill level 5 in Dodging
  9777 | Temple   | Became a worshipper of Ashenzari the Shackled
 10408 | D:7      | Found a sparkling altar of Nemelex Xobeh.
 10783 | D:7      | Found a blossoming altar of Fedhas.
 10937 | D:7      | Noticed Maggie
 10959 | D:7      | Killed Maggie
 11026 | D:7      | Found a stormy altar of Qazlal.
 11182 | D:7      | Reached skill level 5 in Fighting
 11182 | D:7      | Reached XP level 10. HP: 60/74 MP: 10/10
 11327 | D:7      | Noticed Menkaure
 11354 | D:7      | Killed Menkaure
 11466 | D:7      | Found a snail-covered altar of Cheibriados.
 11954 | D:8      | Noticed Grum
 11971 | D:8      | Killed Grum
 12028 | D:8      | Noticed Psyche
 12055 | D:7      | Identified the cursed +2 helmet of the Enigmatic Dismay
                  | {Range, Cun}
 12063 | Abyss:2  | Cast into level 2 of the Abyss (Psyche)
 12120 | Abyss:2  | Reached * piety under Ashenzari
 12138 | Abyss:2  | Noticed a smoke demon
 12144 | Abyss:2  | Killed a smoke demon
 12146 | Abyss:2  | Noticed a wretched star
 12150 | Abyss:2  | Noticed a lich
 12153 | Abyss:2  | HP: 1/61 [stone wall collision (12)]
 12160 | Abyss:2  | Killed from afar by a lich

Illustrated notes

Levels and vault maps discovered:
D:1:      spicycebolla_arrival_xxxplode, layout_basic,
          shapermc_ecumenical_altar_petra
D:2:      layout_basic
D:3:      layout_basic, serial_shops, shop
D:4:      layout_basic, yredelemnul_altar_generic,
          nicolae_ossuary_entry_catacombs
D:5:      layout_basic, nicolae_sif_muna_little_library,
          minmay_temple_entry_wispy, serial_curves, eino_curves_01,
          eino_curves_03
D:6:      layout_layer_cave, uniq_duvessa, uniq_grinder, uniq_pikel,
          uniq_prince_ribbit1
D:7:      layout_loops_corners, lemuel_coloured_pillars_altar,
          nicolae_qazlal_style_of_elements, nemelex_spade_bored_becter,
          fedhas_bush_and_centaur_altar, nicolae_ru_great_annihilating_truth,
          serial_aquarium, aquarium_bridge_island_small
          [aquarium_subvault_small_open, aquarium_subvault_bridge,
          aquarium_subvault_bridge, aquarium_subvault_bridge,
          aquarium_subvault_wall], aquarium_window_2, aquarium_window_3,
          aquarium_window_1, aquarium_window_1, aquarium_view_2e,
          aquarium_balcony_1a, uniq_menkaure, uniq_maggie
D:8:      layout_basic, general_overflow_altar, nicolae_figureground_pulse,
          uniq_grum, uniq_psyche, uniq_erica
Temple:   eino_temple_lava
Abyss:2:  base: Temple, onia_ninara_dug_in_and_dangerous

Skill      XL: |  1  2  3  4  5  6  7  8  9 10 |
---------------+-------------------------------+-----
Long Blades    | 4 5 6 8 9 11 13 14 | 14.1
Evocations     | 4 |  4.0
Fighting       | 5 6 |  6.5
Dodging        | 6 8 |  8.4
Throwing       | |  2.0

Action                   |  1- 3 |  4- 6 |  7- 9 | 10-12 || total
-------------------------+-------+-------+-------+-------++-------
Melee: Long sword        |    96 |   156 |   399 |    84 ||   735
       Punch             |     1 |     1 |     4 |     1 ||     7
Throw: Stone             |       |       |     5 |       ||     5
       Dart              |       |       |     5 |       ||     5
Invok: Curse Item        |       |       |     1 |     1 ||     2
Evoke: Wand              |       |       |     3 |       ||     3
  Use: Potion            |     1 |     1 |     7 |       ||     9
       Scroll            |       |       |    11 |    11 ||    22
 Stab: Sleeping          |     3 |     2 |     2 |       ||     7
       Invisible         |       |       |     1 |       ||     1
Armor: Leather armour    |    33 |    45 |    97 |       ||   175
       Skin              |       |       |     2 |     4 ||     6
       Steam dragon scal |       |       |       |     6 ||     6
Dodge: Dodged            |    63 |    84 |   213 |    27 ||   387
